 Dungeon Crawl Stone Soup version 0.27.0-1-g7a089689b8 (webtiles) character file.

Game seed: 15425005695832104992

62 HungrySpirit the Skirmisher (level 3, -18/32 HPs)
             Began as a Mummy Abyssal Knight on Aug 1, 2021.
             Was a Follower of Lugonu.
             Demolished by an ogre (23 damage)
             ... on level 2 of the Dungeon.
             The game lasted 00:01:52 (2368 turns).

HungrySpirit the Skirmisher (Mummy Abyssal Knight)  Turns: 2368, Time: 00:01:52

Health: -18/32     AC:  5    Str: 15    XL:     3   Next: 85%
Magic:  4/4        EV: 10    Int: 11    God:    Lugonu [*.....]
Gold:   72         SH:  0    Dex: 12    Spells: 2/2 levels left

rFire    x . .     SeeInvis .   c - +1 dagger (elec)
rCold    + . .     Faith    .   (no shield)
rNeg     + + +     Spirit   .   a - +0 ring mail
rPois    ∞         Reflect  .   (no helmet)
rElec    .         Harm     .   (no cloak)
rCorr    .         Rampage  .   (no gloves)
Will     .....                  (no boots)
Stlth    +.........             (no amulet)
HPRegen  0.10/turn              (no ring)
MPRegen  0.09/turn              (no ring)

@: no status effects
A: cold resistance 1, negative energy resistance 3, torment resistance 2, heat
vulnerability 1, no potions
a: Renounce Religion, Depart the Abyss


You were on level 2 of the Dungeon.
You worshipped Lugonu.
Lugonu was aware of your devotion.
You visited 1 branch of the dungeon, and saw 3 of its levels.
You visited the Abyss 1 time.

You collected 72 gold pieces.

Inventory:

Hand Weapons
 c - a +1 dagger of electrocution (weapon)
Armour
 a - a +0 ring mail (worn)
Scrolls
 b - a scroll of identify {unknown}
 d - a scroll of vulnerability {unknown}
 e - a scroll of enchant weapon {unknown}
 f - a scroll of magic mapping {unknown}
 g - a scroll of immolation {unknown}
 h - a scroll of blinking {unknown}


   Skills:
 * Level 4.8 Fighting
 - Level 1.5 Short Blades
 - Level 1.5 Armour
 - Level 0.7 Dodging
 - Level 1.5 Invocations


You had 2 spell levels left.
You didn't know any spells.
Your spell library was empty.

Dungeon Overview and Level Annotations

Branches:
Dungeon (3/15)

Altars:


Innate Abilities, Weirdness & Mutations

You are immune to poison.
Your flesh is cold resistant. (rC+)
You are immune to negative energy. (rN+++)
You are immune to unholy pain and torment.
You are vulnerable to heat. (rF-)
You do not drink.


Message History

h - a scroll labelled IGEEMM YFIR You open the door.
There is an open door here.
There is an open door here.
There is an open door here.
You see here 13 stones.
Key pressed, stopping explore.
You open the door.
There is an open door here.
There is an open door here.
An ogre comes into view. It is wielding a +0 giant club.
The ogre shouts!
An ogre is nearby!
You aren't carrying any items that you can evoke.
Unknown command.
You can't drink.
Unknown command.
Okay, then.
You hit the ogre.
The ogre is lightly wounded.
You hit the ogre. Lightning courses through the ogre!
The ogre is heavily wounded.
The ogre closely misses you.
You hit the ogre.
The ogre is severely wounded.
The ogre hits you but does no damage.
You hit the ogre.
The ogre is almost dead.
The ogre hits you with a +0 giant club!
You barely miss the ogre.
The ogre is almost dead.
You barely miss the ogre.
The ogre is almost dead.
The ogre hits you with a +0 giant club!
* * * LOW HITPOINT WARNING * * *
You barely miss the ogre.
The ogre is severely wounded.
The ogre hits you with a +0 giant club!!
Ouch! That really hurt!
You die...

#.♣ ###############.♣ .♣
#........#......♣ .P
#.##.......#####♣ ..
#.##.###.#.# .♣♣#######
♣♣♣♣#.# #.#.# .P♣......####
..♣♣#.###.#.# .♣♣###......#
.[........#.#####♣♣.♣ #.#.##.#
.P♣♣#..####.....@O..# #.#.##.#
♣♣♣ ##.# ######.#### #.#.##.#
#.# ##'## #.#..#.# #.# #...#
#......# #.# ♣♣♣♣♣♣♣♣♣♣
####.###
#####.#####♣P..P.♣..♣####.#.#
##.......##............##....#
...........'♣.♣PP♣P♣♣♣.......#
##........##♣♣♣♣♣♣♣♣♣♣###....#


You could see an ogre.

Vanquished Creatures
  Robin (D:3)
  An adder (D:2)
  A worm (D:2)
  A dart slug (D:2)
  2 endoplasms
  2 giant cockroaches (D:1)
  8 goblins
  A hobgoblin (D:1)
  3 jackals (D:2)
  A quokka (D:2)
  4 ball pythons
  6 bats
  2 frilled lizards (D:1)
  2 kobolds
  A rat (D:1)
36 creatures vanquished.

Notes
Turn   | Place    | Note
-------+----------+-------------------------------------------
     0 | Abyss:1  | HungrySpirit the Mummy Abyssal Knight began the quest for
                  | the Orb.
     0 | Abyss:1  | Reached XP level 1. HP: 18/18 MP: 2/2
    22 | D:1      | Escaped the Abyss
   126 | D:1      | Reached * piety under Lugonu
   132 | D:1      | Reached XP level 2. HP: 21/24 MP: 3/3
   518 | D:1      | Found a faded altar of an unknown god.
   818 | D:1      | Reached skill level 4 in Fighting
  1164 | D:2      | Reached XP level 3. HP: 27/30 MP: 4/4
  1648 | D:2      | Noticed Robin
  1805 | D:3      | Killed Robin
  2359 | D:2      | Noticed an ogre
  2368 | D:2      | Demolished by an ogre

Illustrated notes

Levels and vault maps discovered:
D:1:      minmay_arrival_arboretum_small, layout_basic, basic_ecumenical_altar,
          minmay_ruptured
D:2:      layout_loops_corners, serial_forest, infiniplex_forest_straight_5,
          infiniplex_forest_corner_2, infiniplex_forest_straight_2,
          infiniplex_forest_pool, infiniplex_forest_straight_3,
          infiniplex_forest_straight_5, infiniplex_forest_join,
          infiniplex_forest_zigzag_1, infiniplex_forest_straight_4,
          infiniplex_forest_clump_large, uniq_robin
D:3:      layout_basic, minitemple

Skill      XL: |  1  2 |
---------------+-------+-----
Fighting       | 4 |  4.8
Short Blades   | |  1.5
Armour         | |  1.5
Dodging        | |  0.7
Invocations    | |  1.5

Action                   || total
-------------------------++-------
Melee: Dagger            ||   120
Invok: Depart the Abyss  ||     1
Armor: Leather armour    ||    10
       Ring mail         ||    39
Dodge: Dodged            ||    72
